 Dungeon Crawl Stone Soup version 0.30-a0-738-g116ff8c4af (webtiles) character file.

Game seed: 631317727111304753

189 drewk1942 the Transmogrifier (level 5, 0/38 HPs)
             Began as a Gnoll Wanderer on Feb 3, 2023.
             Was an Initiate of Hepliaklqana.
             Slain by a black bear (5 damage)
             ... on level 4 of the Dungeon.
             The game lasted 00:03:54 (2555 turns).

drewk1942 the Transmogrifier (Gnoll Wanderer)       Turns: 2555, Time: 00:03:54

Health: 0/38       AC:  4    Str: 12    XL:     5   Next: 68%
Magic:  9/9        EV: 12    Int: 13    God:    Hepliaklqana [......]
Gold:   116        SH:  0    Dex: 14    Spells: 8/10 levels left

rFire   . . .      SeeInvis .    i - +0 hand axe (freeze)
rCold   . . .      Faith    .    (no shield)
rNeg    . . .      Spirit   .    e - +0 robe
rPois   .          Reflect  .    (no helmet)
rElec   .          Harm     .    (no cloak)
rCorr   .          Rampage  .    u - +1 pair of gloves {Dex+3}
Will    +....                    (no boots)
Stlth   ++                       (no amulet)
HPRegen 0.26/turn                n - ring of willpower
MPRegen 0.11/turn                (no ring)

@: no status effects
A: fangs 1, strong nose, distributed training
a: Renounce Religion


You were on level 4 of the Dungeon.
You worshipped Hepliaklqana.
Hepliaklqana was noncommittal.
You visited 1 branch of the dungeon, and saw 4 of its levels.

You collected 116 gold pieces.

Inventory:

Hand Weapons
 a - a +0 dagger
 i - a +0 hand axe of freezing (weapon)
 w - a +0 quick blade
Missiles
 b - 2 boomerangs (quivered)
 m - 27 stones
Armour
 e - a +0 robe (worn)
 j - a +0 tower shield
 u - a +1 pair of gloves of dexterity (worn)
Jewellery
 n - a ring of willpower (left hand)
 y - a ring of resist corrosion
Wands
 z - a wand of roots (3)
Scrolls
 c - a scroll of fog
 f - 3 scrolls of teleportation {unknown}
 g - 5 scrolls of identify {unknown}
 l - 2 scrolls of magic mapping {unknown}
 o - a scroll of amnesia {unknown}
 r - a scroll of vulnerability {unknown}
 s - a scroll of enchant weapon {unknown}
 x - 2 scrolls of noise {unknown}
Potions
 d - a potion of berserk rage
 h - 2 potions of curing {unknown}
 k - a potion of brilliance {unknown}
 p - a potion of might {unknown}
 q - a potion of degeneration {unknown}
 t - 3 potions of attraction {unknown}
 v - 2 potions of lignification {unknown}


   Skills:
 + Level 1.6 Fighting
 + Level 1.6 Short Blades
 + Level 1.6 Long Blades
 + Level 1.6 Axes
 + Level 1.6 Maces & Flails
 + Level 1.6 Polearms
 + Level 1.6 Staves
 + Level 1.6 Ranged Weapons
 + Level 8.7 Throwing
 + Level 1.6 Armour
 + Level 1.6 Dodging
 + Level 1.6 Stealth
 + Level 1.6 Shields
 + Level 1.6 Unarmed Combat
 + Level 3.2 Spellcasting
 + Level 1.3 Conjurations
 + Level 1.3 Hexes
 + Level 1.3 Summonings
 + Level 1.3 Necromancy
 + Level 1.3 Translocations
 + Level 8.9 Transmutations
 + Level 1.3 Fire Magic
 + Level 1.3 Ice Magic
 + Level 1.3 Air Magic
 + Level 1.3 Earth Magic
 + Level 1.3 Poison Magic
 + Level 1.9 Invocations
 + Level 1.6 Evocations


You had 8 spell levels left.
You knew the following spells:

 Your Spells              Type           Power      Damage    Failure   Level
a - Sting                 Tmut/Pois      60%        1d6       2%          1
b - Summon Small Mammal   Summ           20%        N/A       13%         1

Your spell library contained the following spells:

 Spells                   Type           Power      Damage    Failure   Level
 Ice Form                 Ice/Tmut       15%        N/A       26%         4
 Petrify                  Tmut/Erth      15%        N/A       26%         4
 Call Canine Familiar     Summ           5%         N/A       36%         3
 Summon Guardian Golem    Hex/Summ       5%         N/A       36%         3


Dungeon Overview and Level Annotations

Branches:
Dungeon (4/15)
 Temple: D:4-7

Altars:
Hepliaklqana
Nemelex Xobeh
Ru


Innate Abilities, Weirdness & Mutations

You have very sharp teeth.
Your uncanny sense of smell can sniff out nearby items.
Your experience applies equally to all skills.


Message History

The black bear closely misses you. The black bear claws you.
The black bear claws you but does no damage.
You hit the black bear but do no damage.
You bite the black bear, but do no damage.
The black bear is lightly wounded.
The black bear barely misses you. The black bear claws you.
The black bear claws you but does no damage.
You closely miss the black bear.
The black bear is lightly wounded.
The black bear bites you.
The black bear claws you but does no damage.
The black bear misses you.
You hit the black bear. You freeze the black bear.
You bite the black bear, but do no damage.
The black bear is moderately wounded.
The black bear barely misses you.
The black bear claws you but does no damage.
The black bear claws you.
You slash the black bear! You freeze the black bear.
The black bear is severely wounded.
The black bear misses you. The black bear barely misses you.
The black bear closely misses you. The black bear bites you!
The black bear misses you. The black bear claws you.
You hit the black bear. You freeze the black bear.
The black bear is severely wounded.
The black bear goes berserk!
You hit the black bear. You freeze the black bear.
You bite the black bear, but do no damage.
The black bear is severely wounded.
The black bear bites you. The black bear claws you. x2
* * * LOW HITPOINT WARNING * * *
The black bear barely misses you.
The black bear claws you but does no damage.
The black bear claws you.
* * * LOW HITPOINT WARNING * * *
You hit the black bear. You freeze the black bear.
Your bite misses the black bear.
The black bear is almost dead.
The black bear bites you.
You die...

###.....#~._.~#.##
........#~...~#..#
∆
##.####.#.~~~.#).#
##..# #.#.....#..#
###.# .#...#.†.# #
.. ...#[#...## #
### ....#.....#
#..........#####
........@h.†.#
...............#
................
.###.#.####..)..
#.#. ..#.. # #.
.... .. .##. #


You could see a black bear (berserk).

Vanquished Creatures
  A phantom (D:4)
  An iguana (D:4)
  An adder (D:3)
  A worm (D:2)
  3 dart slugs
  4 orcs (D:4)
  8 bats
  2 endoplasms
  A giant cockroach (D:1)
  4 hobgoblins
  12 jackals
  3 kobolds
  2 quokkas (D:1)
  6 ball pythons
  3 frilled lizards (D:1)
  9 goblins
  A rat (D:2)
62 creatures vanquished.

Notes
Turn   | Place    | Note
-------+----------+-------------------------------------------
     0 | D:1      | drewk1942 the Gnoll Wanderer began the quest for the Orb.
     0 | D:1      | drewk1942 set off with the following items: a +0 dagger, 8
                  | boomerangs, a scroll of fog, a potion of berserk rage, a +0
                  | robe; and the following spell memorised: Sting; and the
                  | following spells available to memorise: Ice Form, Petrify.
     0 | D:1      | Reached XP level 1. HP: 13/13 MP: 4/4
     7 | D:1      | Noticed a polar bear
     7 | D:1      | Noticed a seven-headed hydra
     8 | D:1      | Noticed a snapping turtle
   136 | D:1      | Reached XP level 2. HP: 19/19 MP: 5/5
   410 | D:1      | Reached XP level 3. HP: 25/25 MP: 7/7
   517 | D:1      | Reached skill level 1 in Invocations
   618 | D:1      | Learned a level 1 spell: Summon Small Mammal
  1136 | D:2      | Reached skill level 1 in Fighting
  1136 | D:2      | Reached skill level 1 in Short Blades
  1136 | D:2      | Reached skill level 1 in Long Blades
  1136 | D:2      | Reached skill level 1 in Axes
  1136 | D:2      | Reached skill level 1 in Maces & Flails
  1136 | D:2      | Reached skill level 1 in Polearms
  1136 | D:2      | Reached skill level 1 in Staves
  1136 | D:2      | Reached skill level 1 in Ranged Weapons
  1136 | D:2      | Reached skill level 1 in Armour
  1136 | D:2      | Reached skill level 1 in Dodging
  1136 | D:2      | Reached skill level 1 in Stealth
  1136 | D:2      | Reached skill level 1 in Shields
  1136 | D:2      | Reached skill level 1 in Unarmed Combat
  1136 | D:2      | Reached skill level 1 in Evocations
  1704 | D:3      | Reached XP level 4. HP: 32/32 MP: 8/8
  1973 | D:3      | Found a hazy altar of Hepliaklqana.
  1974 | D:3      | Found a sparkling altar of Nemelex Xobeh.
  1977 | D:3      | Became a worshipper of Hepliaklqana the Forgotten
  2163 | D:3      | Reached skill level 1 in Conjurations
  2163 | D:3      | Reached skill level 1 in Hexes
  2163 | D:3      | Reached skill level 1 in Summonings
  2163 | D:3      | Reached skill level 1 in Necromancy
  2163 | D:3      | Reached skill level 1 in Translocations
  2163 | D:3      | Reached skill level 1 in Fire Magic
  2163 | D:3      | Reached skill level 1 in Ice Magic
  2163 | D:3      | Reached skill level 1 in Air Magic
  2163 | D:3      | Reached skill level 1 in Earth Magic
  2163 | D:3      | Reached skill level 1 in Poison Magic
  2315 | D:4      | Found a sacrificial altar of Ru.
  2317 | D:4      | Noticed a phantom
  2343 | D:4      | Killed a phantom
  2344 | D:4      | Reached XP level 5. HP: 13/37 MP: 9/9
  2540 | D:4      | Noticed a black bear
  2555 | D:4      | Slain by a black bear

Illustrated notes

Levels and vault maps discovered:
D:1:      onia_arrival_zoo_common, layout_loops_corners,
          chequers_serial_rivers_micro_b
D:2:      layout_basic
D:3:      layout_rooms, mainiacjoe_overflow_divided_tiny,
          nicolae_figureground_pulse
D:4:      layout_rooms, lemuel_tele_altar, nicolae_ru_awakened_eye,
          marbit_many_paths, uniq_pikel

Skill      XL: |  1  2  3  4 |
---------------+-------------+-----
Invocations    | 1 |  1.9
Fighting       | 1 |  1.6
Short Blades   | 1 |  1.6
Long Blades    | 1 |  1.6
Axes           | 1 |  1.6
Maces & Flails | 1 |  1.6
Polearms       | 1 |  1.6
Staves         | 1 |  1.6
Ranged Weapons | 1 |  1.6
Armour         | 1 |  1.6
Dodging        | 1 |  1.6
Stealth        | 1 |  1.6
Shields        | 1 |  1.6
Unarmed Combat | 1 |  1.6
Evocations     | 1 |  1.6
Spellcasting   | 3 |  3.2
Conjurations   | 1 |  1.3
Hexes          | 1 |  1.3
Summonings     | 1 |  1.3
Necromancy     | 1 |  1.3
Translocations | 1 |  1.3
Fire Magic     | 1 |  1.3
Ice Magic      | 1 |  1.3
Air Magic      | 1 |  1.3
Earth Magic    | 1 |  1.3
Poison Magic   | 1 |  1.3
Throwing       | |  8.7
Transmutations | |  8.9

Action                     |  1- 3 |  4- 6 || total
---------------------------+-------+-------++-------
  Melee: Dagger            |     4 |       ||     4
         Hand axe          |    20 |    64 ||    84
         Bite              |     1 |     6 ||     7
  Throw: Boomerang         |    91 |    37 ||   128
   Stab: Sleeping          |       |     1 ||     1
 Armour: Robe              |    12 |    33 ||    45
  Dodge: Dodged            |    38 |    46 ||    84

Table legend: (Time is in decaauts)
 A = Elapsed time spent in this place.
 B = Non-inter-level travel time spent in this place.
 C = Inter-level travel time spent in this place.
 D = Time resting spent in this place.
 E = Time spent auto-exploring this place.
 F = Levels seen in this place.
 G = Mean time per level.
                   A        B        C        D        E       F      G
               +--------+--------+--------+--------+--------+-----+--------+
         Total |   2557 |   2431 |    126 |      0 |   2061 |   4 |  639.2 |
       Dungeon |   2557 |   2431 |    126 |      0 |   2061 |   4 |  639.2 |
               +--------+--------+--------+--------+--------+-----+--------+

Top non-repeatable levels by time:
     D:1: 1074 daAuts
     D:2: 615 daAuts
     D:3: 592 daAuts
     D:4: 275 daAuts
